 Dungeon Crawl Stone Soup version 0.29-a0-100-g60f898f876 (webtiles) character file.

Game seed: 9587529970677327880

1673 cyrus the Spear-Bearer (level 9, 0/69 HPs)
             Began as a Merfolk Fighter on Feb 14, 2022.
             Was a Priest of Makhleb.
             Slain by a water moccasin skeleton (3 damage)
             ... on level 6 of the Dungeon.
             The game lasted 00:15:55 (5611 turns).

cyrus the Spear-Bearer (Merfolk Fighter)            Turns: 5611, Time: 00:15:56

Health: 0/69       AC: 18    Str: 17    XL:     9   Next: 1%
Magic:  9/9        EV:  8    Int:  9    God:    Makhleb [***...]
Gold:   293        SH:  0    Dex: 15    Spells: 8/8 levels left

rFire   x . .      SeeInvis +   s - +1 halberd (vorpal)
rCold   . . .      Faith    .   (shield currently unavailable)
rNeg    . . .      Spirit   .   k - +8 chain mail of Bitterness {+Blink rF- Regen+}
rPois   .          Reflect  .   g - +0 helmet
rElec   .          Harm     .   (no cloak)
rCorr   .          Rampage  .   (no gloves)
Will    .....                   (no boots)
Stlth   ..........              (no amulet)
HPRegen 1.01/turn               p - ring of see invisible
MPRegen 0.11/turn               (no ring)

@: no status effects
A: (nimble swimmer 2), mertail
a: Renounce Religion, Evoke Blink, Minor Destruction, Lesser Servant of Makhleb


You were on level 6 of the Dungeon.
You worshipped Makhleb.
Makhleb was most pleased with you.
You visited 2 branches of the dungeon, and saw 7 of its levels.

You collected 368 gold pieces.
You spent 75 gold pieces at shops.

Inventory:

Hand Weapons
 a - a +1 trident
 s - a +1 vorpal halberd (weapon)
 u - a +2 whip of electrocution
Armour
 b - a +0 scale mail
 c - a +0 buckler
 f - a +0 ring mail of willpower
 g - a +0 helmet (worn)
 k - the +8 chain mail of Bitterness (worn) {+Blink rF- Regen+}
   (You took it off an orc on level 2 of the Dungeon)

   rF:        It makes you vulnerable to fire.
   +Blink:    It lets you blink.
   Regen:     It increases your rate of health regeneration.
 x - a +0 barding
Jewellery
 p - a ring of see invisible (left hand)
Wands
 r - a wand of iceblast (18)
Scrolls
 d - a scroll of torment {unknown}
 e - 6 scrolls of teleportation
 h - a scroll of immolation {unknown}
 i - 2 scrolls of magic mapping {unknown}
 j - a scroll of noise {unknown}
 l - 3 scrolls of identify {unknown}
 m - 2 scrolls of enchant armour {unknown}
 t - 2 scrolls of summoning {unknown}
 y - a scroll of fear {unknown}
 z - a scroll of amnesia {unknown}
Potions
 n - 2 potions of lignification {unknown}
 o - a potion of brilliance {unknown}
 q - 3 potions of curing {unknown}
 v - a potion of degeneration {unknown}
 w - a potion of magic {unknown}


   Skills:
 + Level 5.8 Fighting
 + Level 11.0 Polearms
 + Level 4.6 Armour
 + Level 2.8 Dodging
 + Level 0.2 Stealth
 + Level 4.5 Shields
 + Level 0.5 Invocations
 + Level 0.2 Evocations


You had 8 spell levels left.
You didn't know any spells.
Your spell library contained the following spells:

 Spells                   Type           Power      Damage    Failure   Level
 Animate Skeleton         Necr           0%         N/A       99%         1
 Apportation              Tloc           0%         N/A       99%         1
 Beastly Appendage        Tmut           0%         N/A       99%         1
 Slow                     Hex            0%         N/A       99%         1
 Summon Small Mammal      Summ           0%         N/A       99%         1
 Wereblood                Tmut           0%         N/A       100%        2
 Confusing Touch          Hex            0%         N/A       100%        3
 Spider Form              Tmut/Pois      0%         N/A       100%        3
 Stone Arrow              Conj/Erth      0%         3d7       100%        3
 Vampiric Draining        Necr           0%         2d6       100%        3
 Animate Armour           Summ/Erth      0%         N/A       100%        4
 Lehudib's Crystal Spear  Conj/Erth      0%         10d2      100%        8


Dungeon Overview and Level Annotations

Branches:
Dungeon (6/15)             Temple (1/1) D:4

Altars:
Ashenzari
Cheibriados
Elyvilon
Fedhas
Gozag
Hepliaklqana
Kikubaaqudgha
Makhleb
Nemelex Xobeh
Okawaru
Qazlal
Ru
Sif Muna
Trog
Uskayaw
Wu Jian
Xom
Zin
The Shining One

Shops:
D:1 (**[:

Annotations:
D:3 3 runed translucent doors, innerfire433's ghost, amateur DjMo
D:4 Eustachio


Innate Abilities, Weirdness & Mutations

((You are very nimble when in or above water. (Stealth+, EV+, Speed+++)))
Your lower body shifts to a powerful aquatic tail in water.


Message History

The five-headed hydra bites you but does no damage. x3
You lop one of the five-headed hydra's heads off!
The four-headed hydra grows two more!
You slash the six-headed hydra!
The six-headed hydra is moderately wounded.
The six-headed hydra closely misses you.
The six-headed hydra bites you. The six-headed hydra barely misses you.
The six-headed hydra bites you.
The six-headed hydra bites you but does no damage. x2
You barely miss the six-headed hydra.
The six-headed hydra is lightly wounded.
The iguana bites you but does no damage.
The six-headed hydra bites you but does no damage. x2
The six-headed hydra bites you!
The six-headed hydra bites you but does no damage. x3
You chop one of the six-headed hydra's heads off!
The five-headed hydra grows two more!
You puncture the seven-headed hydra!
The seven-headed hydra is moderately wounded.
The iguana barely misses you.
The seven-headed hydra closely misses you.
The seven-headed hydra bites you!
The seven-headed hydra closely misses you.
The seven-headed hydra bites you. The seven-headed hydra bites you!
* * * LOW HITPOINT WARNING * * *
The seven-headed hydra bites you but does no damage. x2
You closely miss the iguana.
The iguana is lightly wounded.
The iguana bites you but does no damage.
The seven-headed hydra bites you but does no damage. x2
The seven-headed hydra bites you!
* * * LOW HITPOINT WARNING * * *
The seven-headed hydra bites you.
* * * LOW HITPOINT WARNING * * *
The seven-headed hydra completely misses you.
The seven-headed hydra bites you but does no damage. x2
You barely miss the iguana.
The iguana is lightly wounded.
The iguana bites you.
* * * LOW HITPOINT WARNING * * *
The water moccasin skeleton bites you.
You die...

#.. D ##.##: #..#. #
##+# #...##[# ##...##
#..... ##...>.## #..#
##.......## #..## .
#.......).####ZlD##....
+.........'....@.......
#.........####...######
#.......## #...##
##.....## #.#.# ##...##
..#.. ##'## .#####. #.#
#. .# #.# # # ##.##


You could see a seven-headed hydra, an iguana and a water moccasin skeleton.

Vanquished Creatures
  Pikel (D:5)
  A water moccasin (D:5)
  A sky beast (D:4)
  A black bear (D:6)
  2 necrophages
  An ogre (D:4)
  A scorpion (D:6)
  5 wights (D:6)
  2 jellies
  An orc priest (D:2)
  2 hounds
  A gnoll shaman (D:6)
  An iguana (D:5)
  An orc wizard (D:5)
  6 gnolls
  4 adders
  A shadow imp (D:6)
  3 worms
  14 orcs
  8 ball pythons
  6 endoplasms
  5 giant cockroaches
  8 goblins
  3 hobgoblins
  8 jackals
  4 kobolds
  2 quokkas
  3 bats
  3 rats
99 creatures vanquished.

Notes
Turn   | Place    | Note
-------+----------+-------------------------------------------
     0 | D:1      | cyrus the Merfolk Fighter began the quest for the Orb.
     0 | D:1      | Reached XP level 1. HP: 18/18 MP: 1/1
    64 | D:1      | Found Qoroif's Antique Weapon Shop.
   135 | D:1      | Found Niniomeh's Armour Emporium.
   136 | D:1      | Found Zeisasyc's General Store.
   165 | D:1      | Reached XP level 2. HP: 16/24 MP: 2/2
   495 | D:1      | Found Mulaph's Book Boutique.
   580 | D:1      | Found a faded altar of an unknown god.
   591 | D:1      | Prayed at the altar of an unknown god.
   591 | D:1      | Became a worshipper of Makhleb the Destroyer
   591 | D:1      | Reached * piety under Makhleb
  1268 | D:1      | Found Xoczib's General Store.
  1592 | D:2      | Reached XP level 3. HP: 29/29 MP: 3/3
  1873 | D:2      | Reached skill level 4 in Polearms
  1970 | D:2      | Identified the +8 chain mail of Bitterness {+Blink rF-
                  | Regen+}
  1986 | D:2      | Reached XP level 4. HP: 22/35 MP: 4/4
  2439 | D:1      | Bought a scroll of enchant weapon for 75 gold pieces
  2777 | D:3      | Found a runed translucent gate.
  2778 | D:3      | Found a runed translucent gate.
  2779 | D:3      | Found a runed translucent gate.
  2780 | D:3      | Noticed innerfire433's ghost (amateur DjMo)
  3186 | D:3      | Reached ** piety under Makhleb
  3556 | D:4      | Found a staircase to the Ecumenical Temple.
  3562 | Temple   | Entered the Ecumenical Temple
  3898 | D:4      | Reached skill level 5 in Polearms
  3898 | D:4      | Reached XP level 5. HP: 41/41 MP: 5/5
  4036 | D:4      | Noticed a sky beast
  4053 | D:4      | Killed a sky beast
  4054 | D:4      | Reached skill level 6 in Polearms
  4054 | D:4      | Reached skill level 1 in Dodging
  4054 | D:4      | Reached XP level 6. HP: 40/48 MP: 6/6
  4178 | D:4      | Noticed Eustachio
  4578 | D:5      | Entered Level 5 of the Dungeon
  4578 | D:5      | Noticed a necrophage
  4594 | D:4      | Killed a necrophage
  4595 | D:4      | Reached skill level 7 in Polearms
  4595 | D:4      | Reached XP level 7. HP: 53/54 MP: 7/7
  4852 | D:5      | Reached skill level 8 in Polearms
  4862 | D:5      | Noticed Pikel
  4870 | D:5      | Killed Pikel
  4871 | D:5      | Reached skill level 9 in Polearms
  4871 | D:5      | Reached XP level 8. HP: 61/61 MP: 8/8
  4923 | D:5      | Reached skill level 5 in Fighting
  5005 | D:5      | Found a hazy altar of Hepliaklqana.
  5331 | D:6      | Reached skill level 10 in Polearms
  5394 | D:6      | Reached *** piety under Makhleb
  5582 | D:6      | Reached skill level 11 in Polearms
  5583 | D:6      | Reached XP level 9. HP: 69/69 MP: 9/9
  5597 | D:6      | Noticed a four-headed hydra
  5611 | D:6      | HP: 3/69 [iguana (1)]
  5611 | D:6      | Slain by a water moccasin skeleton

Illustrated notes

Levels and vault maps discovered:
D:1:      lordsloth_arrival_two_stooges, layout_basic, serial_shops, shop, shop,
          nicolae_shop_crystal, nicolae_shop_hallway_plus, shop,
          shapermc_ecumenical_altar_notcrosses
D:2:      minmay_spotlight, layout_rooms, st_stairs_2
D:3:      layout_loops_corners, gammafunk_ghost_necromancy
D:4:      layout_gridville, minmay_temple_entry_fiery, uniq_eustachio
D:5:      layout_loops_ring, nzn_hepliaklqana_mist_gate,
          minmay_misc_feat_enclosed, uniq_pikel
D:6:      layout_loops_corners, jmf_multi_god_temple,
          chequers_ossuary_entry_cave, nrook_campfire, minmay_manual_mess
Temple:   hc_temple_tempest_star

Skill      XL: |  1  2  3  4  5  6  7  8 |
---------------+-------------------------+-----
Polearms       | 4 5 6 7 9 11 | 11.0
Armour         | 3 4 |  4.6
Dodging        | 1 2 |  2.8
Fighting       | 4 5 |  5.8
Shields        | 4 |  4.5
Stealth        | |  0.2
Invocations    | |  0.5
Evocations     | |  0.2

Action                   |  1- 3 |  4- 6 |  7- 9 || total
-------------------------+-------+-------+-------++-------
Melee: Trident           |    95 |   177 |       ||   272
       Halberd           |       |       |   104 ||   104
Invok: Minor Destruction |       |       |     1 ||     1
Evoke: Wand              |       |     1 |       ||     1
  Use: Scroll            |       |     5 |       ||     5
       Potion            |       |     1 |     1 ||     2
Armor: Scale mail        |    26 |       |       ||    26
       Ring mail         |    33 |       |       ||    33
       Chain mail        |       |   156 |    79 ||   235
Dodge: Dodged            |    57 |    82 |    33 ||   172
Block: Buckler           |    31 |    63 |       ||    94

Table legend: (Time is in decaauts)
 A = Elapsed time spent in this place.
 B = Non-inter-level travel time spent in this place.
 C = Inter-level travel time spent in this place.
 D = Time resting spent in this place.
 E = Time spent auto-exploring this place.
 F = Levels seen in this place.
 G = Mean time per level.
                   A        B        C        D        E       F      G
               +--------+--------+--------+--------+--------+-----+--------+
         Total |   5636 |   5502 |    134 |    313 |   3723 |   7 |  805.1 |
       Dungeon |   5328 |   5194 |    134 |    313 |   3448 |   6 |  888.0 |
        Temple |    307 |    307 |      0 |      0 |    275 |   1 |  307.0 |
               +--------+--------+--------+--------+--------+-----+--------+

Top non-repeatable levels by time:
     D:1: 1499 daAuts
     D:2: 1204 daAuts
     D:3: 815 daAuts
     D:4: 803 daAuts
     D:5: 722 daAuts
  Temple: 307 daAuts
     D:6: 283 daAuts
